 Dungeon Sprint DCSS version 0.29-a0-451-gfbfa42419e (webtiles) character file.

Game seed: 12267790183776413243

5796 mhtbhm the Imperceptible (level 10, 0/54 HPs)
             Began as a Felid Berserker on May 19, 2022.
             Was the Champion of Trog.
             Slain by a lorocyproca (31 damage)
             ... in the Dungeon (Sprint I: "Red Sonja").
             The game lasted 00:09:17 (3570 turns).

mhtbhm the Imperceptible (Felid Berserker)          Turns: 3570, Time: 00:09:18

Health: 0/54       AC:  3    Str: 17    XL:     10   Next: 50%
Magic:  0/11       EV: 31    Int:  9    God:    Trog [******]
Gold:   2089       SH:  0    Dex: 16    Spells: 9/9 levels left
                                        Lives:  0   Deaths: 2

rFire   . . .      SeeInvis +     - Unarmed
rCold   + + .      Faith    .   (shield unavailable)
rNeg    + . .      Spirit   .   (body armour unavailable)
rPois   .          Reflect  .   (helmet unavailable)
rElec   .          Harm     .   (cloak unavailable)
rCorr   .          Rampage  .   (gloves unavailable)
Will    +....      NoTele   +   (boots unavailable)
Stlth   ++++......              (no amulet)
HPRegen 0.18/turn               j - ring of positive energy
MPRegen 0.12/turn               (no ring)

@: confused, quick
A: very small, claws 1, fangs 3, see invisible, speed 1, shaggy fur 3, stealthy
paws, no weapons or thrown items, no armour, multi-lived, camouflage 1, cold
resistance 1
a: Renounce Religion, Berserk, Trog's Hand, Brothers in Arms


You were in the Dungeon.
You worshipped Trog.
Trog was exalted by your worship.
You visited 1 branch You collected 3426 gold pieces.
You spent 1337 gold pieces at shops.

Inventory:

Jewellery
 j - a ring of positive energy (left paw)
Wands
 g - a wand of paralysis (3)
 h - a wand of flame (17)
 s - a wand of acid (10)
Scrolls
 b - a scroll of torment
 f - a scroll of vulnerability {unknown}
 i - a scroll of fear {unknown}
 p - a scroll of amnesia {unknown}
 r - a scroll of magic mapping {unknown}
Potions
 c - a potion of haste
 d - 2 potions of magic
 e - a potion of berserk rage
 k - a potion of mutation
 n - 2 potions of might
 o - a potion of heal wounds
Miscellaneous
 l - a condenser vane
 q - a phial of floods


   Skills:
 + Level 12.3 Fighting
 + Level 19.4 Dodging
 + Level 21.7 Stealth
 + Level 20.5 Unarmed Combat
 + Level 4.0 Evocations


You had 9 spell levels left.
You didn't know any spells.
Your spell library was empty.

Dungeon Overview and Level Annotations

Branches:
Dungeon (1/1)

Altars:
Cheibriados
Dithmenos
Elyvilon
Fedhas
Gozag
Hepliaklqana
Kikubaaqudgha
Makhleb
Nemelex Xobeh
Okawaru
Qazlal
Ru
Sif Muna
Trog
Uskayaw
Vehumet
Wu Jian
Xom
Yredelemnul
Zin
The Shining One
Jiyva
Lugonu

Shops:
D :([((:**([?[*?(*?[([[[


Innate Abilities, Weirdness & Mutations

You have sharp claws.
You have razor-sharp teeth.
You have supernaturally acute eyesight. (SInv)
You cover ground quickly. (Speed+)
Your thick and shaggy fur keeps you warm. (AC +3, rC+)
Your paws help you pounce on unaware monsters.
You are incapable of wielding weapons or throwing items.
You cannot wear armour.
You gain extra lives every three experience levels.
Your skin changes colour to match your surroundings (Stealth+).
Your flesh is cold resistant. (rC+)


Message History

Really walk into a travel-excluded area? [Y]es or [N]o only, please.
Really walk into a travel-excluded area?
There is an open door here.
You now have 1927 gold pieces (gained 27).
You now have 1954 gold pieces (gained 27).
You now have 1981 gold pieces (gained 27).
You now have 2008 gold pieces (gained 27).
Really walk into that cloud of freezing vapour? [Y]es or [N]o only, please.
Really walk into that cloud of freezing vapour?
Okay, then.
Really walk into that cloud of freezing vapour?
Okay, then.
You now have 2035 gold pieces (gained 27).
Really walk into that cloud of freezing vapour?
Okay, then.
You now have 2062 gold pieces (gained 27).
You now have 2089 gold pieces (gained 27).
You open the large door.
A meliai and a lorocyproca come into view.
The lorocyproca gives a chilling moan.
The meliai buzzes angrily.
Found 162 gold pieces.
The lorocyproca completely misses you.
There is a large open door here.
You are engulfed in noxious fumes.
You choke on the stench!
You are confused.
You are engulfed in noxious fumes.
You choke on the stench!
You are more confused.
There is an open door here.
You are engulfed in noxious fumes.
You choke on the stench!
You are more confused.
The lorocyproca hits you!!
You feel your power leaking away.
Unknown command.
Okay, then.
You bump into the rock wall.
You bump into the rock wall.
The lorocyproca hits you!!
Ouch! That really hurt!
You die...

#################################
#__#..'..)#..#.§.§§.§..§§'..#.)'.
'..'..#)..##'#.####.§..§##..'..#§
#__####...'§§#§# ###§§.#######)#§
####|.#####.)§§#+#$###§#:!$##..#§
#≈≈≈.)#..##+####@.$#y#.##$$$#..##
§≈≈§.§'..#.....#2.$###..###$#..≈#
#§§≈§)#..#....○○..$$$##.#A#$#..≈
##'#####'###...#.....#..###$#..≈.
#§=.)###.'.#.☼.###''##.##..$#..≈#
##'###:###.#..###..###..#+### #
.....')∩##.#..####..###.C†# ##
##########.##+#..#).#.###C# #.
#.....§§##.# #.........#.# #.


You could see a lorocyproca (invisible) and a meliai.

Vanquished Creatures
  A fire giant (D)
  A hydra (D)
  2 centaur warriors (D)
  Sonja (D)
  A deep troll (D)
  A lindwurm (D)
  2 shining eyes (D)
  An oklob plant (D)
  2 merfolk sirens (D)
  A gargoyle (D)
  7 unseen horrors (D)
  2 demonic crawlers (D)
  2 kobold demonologists (D)
  A hellwing (D)
  A hornet (D)
  A slime creature (D)
  Sigmund (D)
  A yak (D)
  13 hogs (D)
  2 redbacks (D)
  4 floating eyes (D)
  An ogre (D)
  7 necrophages (D)
  8 jellies (D)
  Ijyb (D)
  A ballistomycete spore (D)
66 creatures vanquished.

Vanquished Creatures (collateral kills)
  A golden dragon (D)
  A shadow dragon (D)
  6 shining eyes (D)
  2 demonic crawlers (D)
  3 floating eyes (D)
13 creatures vanquished.

Vanquished Creatures (others)
  A gargoyle (D)
  A ballistomycete spore (D)
2 creatures vanquished.

Grand Total: 81 creatures vanquished

Notes
Turn   | Place    | Note
-------+----------+-------------------------------------------
     0 | D        | mhtbhm the Felid Berserker began the quest for the Orb.
     0 | D        | Reached XP level 1. HP: 10/10 MP: 2/2
     2 | D        | Noticed Ijyb
     8 | D        | Killed Ijyb
     9 | D        | Reached skill level 5 in Dodging
     9 | D        | Reached skill level 1 in Stealth
     9 | D        | Reached XP level 2. HP: 15/15 MP: 3/3
   213 | D        | Noticed an ogre
   217 | D        | Killed an ogre
   218 | D        | Reached skill level 5 in Fighting
   218 | D        | Reached XP level 3. HP: 20/20 MP: 4/4
   218 | D        | Reached XP level 4. HP: 24/24 MP: 5/5
   327 | D        | Noticed Sigmund
   335 | D        | Killed Sigmund
   335 | D        | Reached ** piety under Trog
   336 | D        | Reached skill level 10 in Dodging
   336 | D        | Reached skill level 2 in Stealth
   336 | D        | Reached XP level 5. HP: 28/28 MP: 6/6
   402 | D        | Found an ornate altar of the Wu Jian Council.
   402 | D        | Found a shimmering blue altar of Sif Muna.
   404 | D        | Found a radiant altar of Vehumet.
   410 | D        | Gained mutation: You are covered in thick fur. (AC +2)
                  | [Felid growth]
   410 | D        | Reached XP level 6. HP: 28/33 MP: 7/7
   412 | D        | Found Vokluss's Antique Weapon Emporium.
   412 | D        | Found an ancient bone altar of Kikubaaqudgha.
   412 | D        | Found a hazy altar of Hepliaklqana.
   412 | D        | Found a stormy altar of Qazlal.
   412 | D        | Found a hide-covered altar of Uskayaw.
   412 | D        | Found a blossoming altar of Fedhas.
   412 | D        | Found a bloodstained altar of Trog.
   412 | D        | Found an iron altar of Okawaru.
   412 | D        | Found a basalt altar of Yredelemnul.
   412 | D        | Found a glowing golden altar of the Shining One.
   412 | D        | Found a snail-covered altar of Cheibriados.
   412 | D        | Found a sacrificial altar of Ru.
   412 | D        | Found a glowing silver altar of Zin.
   412 | D        | Found a shadowy altar of Dithmenos.
   412 | D        | Found a white marble altar of Elyvilon.
   412 | D        | Noticed a yak
   413 | D        | Found an opulent altar of Gozag.
   414 | D        | Killed a yak
   415 | D        | Reached skill level 3 in Stealth
   415 | D        | Found a sparkling altar of Nemelex Xobeh.
   464 | D        | Found a burning altar of Makhleb.
   464 | D        | Found a viscous altar of Jiyva.
   464 | D        | Found a shimmering altar of Xom.
   464 | D        | Found a corrupted altar of Lugonu.
   464 | D        | Noticed a slime creature
   468 | D        | Killed a slime creature
   469 | D        | Reached skill level 4 in Stealth
   469 | D        | Reached XP level 7. HP: 30/38 MP: 8/8
   545 | D        | Noticed a kobold demonologist
   546 | D        | Noticed a kobold demonologist
   548 | D        | Reached *** piety under Trog
   549 | D        | Reached skill level 10 in Unarmed Combat
   550 | D        | Noticed a sun demon
   551 | D        | Noticed a hellwing
   552 | D        | Noticed a neqoxec
   552 | D        | Killed a kobold demonologist
   553 | D        | Reached skill level 5 in Stealth
   556 | D        | Killed a kobold demonologist
   556 | D        | Reached **** piety under Trog
   557 | D        | Reached skill level 10 in Fighting
   557 | D        | Reached skill level 6 in Stealth
   557 | D        | Reached XP level 8. HP: 43/43 MP: 9/9
   650 | D        | Noticed Sonja
   654 | D        | Killed Sonja
   655 | D        | Reached skill level 8 in Stealth
   674 | D        | Found Byatexea's Book Boutique.
   867 | D        | Noticed a deep troll
   871 | D        | Killed a deep troll
   872 | D        | Reached skill level 15 in Dodging
   872 | D        | Reached skill level 9 in Stealth
   872 | D        | Reached XP level 9. HP: 47/47 MP: 10/10
   881 | D        | Found Voic's Armour Emporium.
   915 | D        | Noticed a centaur warrior
   916 | D        | Noticed a centaur warrior
   917 | D        | Killed a centaur warrior
   918 | D        | Reached skill level 10 in Stealth
   918 | D        | Reached skill level 1 in Evocations
   918 | D        | Killed a centaur warrior
   918 | D        | Reached ***** piety under Trog
   919 | D        | Reached skill level 11 in Stealth
   941 | D        | Noticed an oklob plant
   943 | D        | Killed an oklob plant
   944 | D        | Reached skill level 12 in Stealth
   944 | D        | Reached XP level 10. HP: 52/52 MP: 11/11
  1068 | D        | Reached skill level 13 in Stealth
  1165 | D        | Reached skill level 15 in Unarmed Combat
  1166 | D        | Reached ****** piety under Trog
  1282 | D        | Reached skill level 14 in Stealth
  1352 | D        | Found Edgheaf's Assorted Antiques.
  1352 | D        | Found Kekki's Assorted Antiques.
  1352 | D        | Found Ygajoq's Antique Weapon Boutique.
  1354 | D        | Found Vanagion's Armour Emporium.
  1354 | D        | Found Jukhib's Magic Scroll Shop.
  1354 | D        | Found Foreasuj's Armour Shoppe.
  1354 | D        | Found Bitwour's General Store.
  1354 | D        | Found Honapadi's Magic Scroll Emporium.
  1354 | D        | Found Xeig's Antique Weapon Shop.
  1354 | D        | Found Qaqimp's General Store.
  1357 | D        | Bought a condenser vane for 840 gold pieces
  1358 | D        | Found Koditz's Magic Scroll Boutique.
  1359 | D        | Found Amom's Antique Weapon Emporium.
  1359 | D        | Found Xiuppyih's Armour Boutique.
  1360 | D        | Found Icieguas's Antique Armour Emporium.
  1378 | D        | Bought a scroll of blinking for 195 gold pieces
  1438 | D        | Reached skill level 15 in Stealth
  1445 | D        | Noticed a gargoyle
  1449 | D        | HP: 1/53 [gargoyle/+0 mace (25)]
  1454 | D        | Killed a gargoyle
  1643 | D        | Noticed a lindwurm
  1645 | D        | Killed a lindwurm
  1646 | D        | Reached skill level 16 in Stealth
  1657 | D        | Reached XP level 11. HP: 57/57 MP: 12/12
  1686 | D        | Reached skill level 17 in Stealth
  1741 | D        | Noticed a 12-headed hydra
  1743 | D        | Killed a 12-headed hydra
  1761 | D        | Noticed a daeva
  1771 | D        | Reached skill level 18 in Stealth
  2073 | D        | Bought a smoky silvery potion for 18 gold pieces
  2074 | D        | Bought 2 smoky sapphire potions for 46 gold pieces
  2074 | D        | Bought a sedimented coppery potion for 23 gold pieces
  2074 | D        | Bought a scroll labelled JOXAZA SAFOEMU for 26 gold pieces
  2080 | D        | Bought a scroll of blinking for 75 gold pieces
  2083 | D        | Bought a scroll of identify for 24 gold pieces
  2083 | D        | Bought a scroll of blinking for 90 gold pieces
  2139 | D        | Noticed a shining eye
  2139 | D        | Noticed a shining eye
  2139 | D        | Noticed a shining eye
  2139 | D        | Noticed a shining eye
  2139 | D        | Noticed a shining eye
  2139 | D        | Noticed a shining eye
  2142 | D        | Killed a shining eye
  2143 | D        | Killed a shining eye
  2143 | D        | Killed a shining eye
  2144 | D        | Reached skill level 19 in Stealth
  2144 | D        | Paralysed by a floating eye for 3 turns
  2144 | D        | Gained mutation: You sometimes lose the ability to read
                  | scrolls when taking damage. [a shining eye]
  2145 | D        | Noticed a shining eye
  2145 | D        | Killed a shining eye
  2145 | D        | Killed a shining eye
  2145 | D        | Killed a shining eye
  2148 | D        | Noticed a shining eye
  2149 | D        | Killed a shining eye
  2152 | D        | Killed a shining eye
  2153 | D        | Reached skill level 20 in Stealth
  2153 | D        | Lost mutation: You sometimes lose the ability to read
                  | scrolls when taking damage. [potion of mutation]
  2153 | D        | Gained mutation: Your skin changes colour to match your
                  | surroundings (Stealth+). [potion of mutation]
  2153 | D        | Gained mutation: Your flesh is cold resistant. (rC+)
                  | [potion of mutation]
  2161 | D        | Found Moiraept's Antique Weapon Shop.
  2161 | D        | Found Lesoum's Antique Weapon Shoppe.
  2161 | D        | Found Feckah's Book Boutique.
  2161 | D        | Found Woxa's Antique Armour Emporium.
  2263 | D        | Noticed a deep elf annihilator
  2290 | D        | Gained mutation: Your thick and shaggy fur keeps you warm.
                  | (AC +3, rC+) [Felid growth]
  2290 | D        | Reached XP level 12. HP: 35/61 MP: 13/13
  2466 | D        | Engulfed by a cloud of steam
  2467 | D        | Reached XP level 11. HP: -1/57 MP: 12/12
  2655 | D        | Noticed a shadow dragon
  2657 | D        | Noticed a golden dragon
  2663 | D        | HP: 2/57 [golden dragon (18)]
  2674 | D        | Killed a shadow dragon
  2675 | D        | Killed a golden dragon
  2676 | D        | Reached skill level 21 in Stealth
  2789 | D        | Found Witogeorch's Armour Shoppe.
  2976 | D        | HP: 2/57 [something (4)]
  3351 | D        | Noticed a fire giant
  3351 | D        | Noticed a fire giant
  3351 | D        | Noticed a fire giant
  3351 | D        | Noticed a fire giant
  3352 | D        | Killed a fire giant
  3373 | D        | HP: 3/85 [fire giant/+1 great sword of flaming (3)]
  3375 | D        | Demolished by a fire giant
  3376 | D        | Reached XP level 10. HP: -16/81 MP: 11/11
  3561 | D        | Noticed a lorocyproca
  3570 | D        | Slain by a lorocyproca

Illustrated notes

Levels and vault maps discovered:
D:        dungeon_sprint_1 [red_sonja_temple_1, red_sonja_temple_small_1]

Skill      XL: |  1  2  3  4  5  6  7  8  9 10 11 |
---------------+----------------------------------+-----
Fighting       | 4 5 7 9 10 11 12 | 12.3
Dodging        | 5 7 10 12 13 15 16 17 19 | 19.4
Stealth        | 1 2 4 6 9 12 16 21 | 21.7
Unarmed Combat | 4 6 7 8 9 11 12 14 16 20 | 20.5
Evocations     | 1 2 4 |  4.0

Action                   |  1- 3 |  4- 6 |  7- 9 | 10-12 || total
-------------------------+-------+-------+-------+-------++-------
Melee: Unarmed           |     6 |    11 |    14 |   140 ||   171
       Bite              |     3 |       |       |    11 ||    14
       Punch             |       |       |       |    14 ||    14
Invok: Berserk           |     2 |     1 |     1 |     5 ||     9
       Brothers in Arms  |       |       |       |     6 ||     6
Evoke: Wand              |       |       |     2 |     2 ||     4
       Condenser vane    |       |       |       |     3 ||     3
  Use: Scroll            |       |       |     1 |     6 ||     7
       Potion            |       |       |       |     6 ||     6
 Stab: Sleeping          |     1 |     2 |     6 |    18 ||    27
       Paralysed         |       |       |     1 |     1 ||     2
       Confused          |       |       |       |     1 ||     1
Armor: Skin              |       |       |       |     4 ||     4
Dodge: Dodged            |     4 |     3 |     7 |   122 ||   136

Table legend: (Time is in decaauts)
 A = Elapsed time spent in this place.
 B = Non-inter-level travel time spent in this place.
 C = Inter-level travel time spent in this place.
 D = Time resting spent in this place.
 E = Time spent auto-exploring this place.
 F = Levels seen in this place.
 G = Mean time per level.
                   A        B        C        D        E       F      G
               +--------+--------+--------+--------+--------+-----+--------+
         Total |   3388 |   3319 |     69 |   2214 |      0 |   1 | 3388.0 |
       Dungeon |   3388 |   3319 |     69 |   2214 |      0 |   1 | 3388.0 |
               +--------+--------+--------+--------+--------+-----+--------+

Top non-repeatable levels by time:
       D: 3388 daAuts
